Map: Apotheosis LE

Players

Gracz

  • Race: Zerg Zerg
  • League: Bronze

Globber - Winner!

  • Race: Protoss Protoss
  • League: Bronze

VOD

Have the link to the VOD?

Description

Time

  • Played on: Sept. 3, 2016, 10:38 a.m.
  • Length: 12:02
Show
View Real Time Build Order
Export as new Build Order

Gracz Zerg 

Build Orders: Pool First 

Get SALT Encoding   

  12  0:09  Drone x2  
  14  0:41  Spawning Pool  
  13  0:46  Overlord x2, Drone  
  13  0:49  Extractor  
  13  1:13  Drone x2  
  15  1:30  Drone x2  
  17  1:37  Queen  
  19  2:00  Zergling x2  
  19  2:01  Zergling x2  
  21  2:30  Extractor  
  20  2:40  Hatchery  
  20  2:43  Hatchery  
  19  2:49  Zergling x6  
  22  2:52  Extractor  
  21  3:03  Metabolic Boost  
  21  3:04  Lair  
  21  3:12  Evolution Chamber  
  20  3:19  Evolution Chamber, Drone x2  
  21  3:36  Drone x2  
  23  3:43  Zerg Melee Weapons Level 1  
  23  3:57  Drone  
  24  4:09  Drone x3  
  27  4:15  Roach Warren  
  24  4:33  Drone  
  24  4:34  Drone x2  
  24  4:38  Drone x3  
  30  4:59  Queen  
  32  5:08  Drone  
  32  5:09  Drone x2  
  35  5:24  Overlord, Drone  
  35  5:25  Overlord x2  
  36  6:07  Queen  
  38  6:12  Drone x3  
  38  6:13  Drone x3  
  44  6:23  Roach x6  
  49  7:17  Queen  
  49  7:21  Queen  
  53  7:43  Roach x3  
  59  7:46  Hatchery  
  59  7:48  Glial Reconstitution  
  58  7:51  Zerg Ground Armor Level 1, Spire  
  58  7:53  Queen, Zerg Melee Weapons Level 2  
  59  8:00  Overlord x3  
  59  8:32  Extractor, Drone x2  
  60  8:36  Roach  
  60  8:37  Roach x4  
  47  9:15  Ravager x2  
  47  9:16  Ravager x3  
  52  9:17  Drone x3  
  55  9:32  Corruptor x2  
  55  9:34  Corruptor x4  
  67  9:56  Queen  
  69  10:02  Corruptor x2  
  69  10:03  Corruptor  
  75  10:07  Drone x3  
  75  10:08  Drone  
  75  10:13  Roach  
  75  10:31  Ravager  
  33  11:24  Roach  
  33  11:25  Roach x8  
Show
View Real Time Build Order
Export as new Build Order

Globber Protoss - Winner!

Build Orders:  

Get SALT Encoding   

  12  0:02  Probe (Chrono Boost)  
  13  0:12  Probe (Chrono Boost)  
  14  0:23  Probe (Chrono Boost)  
  15  0:36  Assimilator  
  15  0:47  Pylon  
  15  1:05  Probe (Chrono Boost)  
  16  1:16  Probe (Chrono Boost)  
  17  1:20  Gateway  
  17  1:21  Gateway  
  17  1:26  Probe (Chrono Boost)  
  18  1:37  Probe (Chrono Boost)  
  18  1:39  Assimilator  
  19  1:47  Probe (Chrono Boost)  
  20  1:56  Pylon  
  20  1:58  Probe (Chrono Boost)  
  21  2:08  Probe (Chrono Boost)  
  22  2:18  Zealot x2  
  22  2:19  Probe (Chrono Boost)  
  27  2:35  Pylon  
  27  2:37  Pylon  
  31  3:00  Cybernetics Core  
  27  3:16  Nexus  
  27  3:19  Zealot x2  
  31  3:33  Probe (Chrono Boost)  
  32  3:45  Mothership Core (Chrono Boost)  
  32  3:46  Zealot  
  32  3:47  Pylon  
  36  3:49  Pylon  
  36  3:54  Pylon  
  36  4:00  Warp Gate  
  36  4:09  Gateway  
  36  4:15  Probe (Chrono Boost)  
  37  4:25  Probe (Chrono Boost)  
  37  4:30  Zealot x2  
  38  4:36  Probe (Chrono Boost)  
  39  4:41  Probe (Chrono Boost)  
  40  4:46  Probe (Chrono Boost)  
  41  4:57  Probe (Chrono Boost)  
  42  5:02  Forge  
  42  5:06  Stargate  
  42  5:07  Probe (Chrono Boost)  
  42  5:08  Twilight Council  
  42  5:12  Probe (Chrono Boost)  
  44  5:18  Probe (Chrono Boost)  
  45  5:23  Probe (Chrono Boost)  
  45  5:26  Zealot x2  
  50  5:29  Probe (Chrono Boost), Zealot  
  50  5:33  Probe (Chrono Boost)  
  54  5:47  Charge  
  54  5:50  Protoss Ground Weapons Level 1  
  54  5:57  Forge  
  54  6:06  Oracle  
  57  6:13  Gateway  
  57  6:42  Oracle  
  60  6:56  Zealot x2  
  60  6:57  Zealot  
  60  7:07  Pylon  
  56  7:18  Oracle  
  59  7:28  Photon Cannon  
  59  7:29  Photon Cannon  
  59  7:31  Photon Cannon  
  59  7:33  Photon Cannon x2  
  59  7:35  Photon Cannon  
  59  7:37  Photon Cannon  
  59  7:39  Pylon  
  59  7:41  Photon Cannon  
  59  7:45  Protoss Ground Armor Level 1  
  59  7:48  Protoss Ground Weapons Level 2  
  59  7:51  Zealot x2  
  61  7:52  Zealot x2  
  67  8:12  Stalker  
  67  8:13  Stalker x2  
  67  8:14  Stalker  
  75  8:30  Gateway  
  75  8:32  Gateway  
  75  8:34  Gateway  
  75  8:36  Gateway  
  75  8:42  Gateway  
  73  8:50  Blink  
  59  9:10  Probe (Chrono Boost)  
  59  9:13  Nexus  
  59  9:15  Assimilator  
  56  9:18  Assimilator  
  56  9:21  Probe (Chrono Boost)  
  56  9:23  Probe (Chrono Boost)  
  58  9:32  Probe (Chrono Boost)  
  58  9:33  Probe (Chrono Boost), Zealot x2  
  58  9:34  Zealot x2  
  68  9:42  Probe (Chrono Boost)  
  68  9:44  Probe (Chrono Boost)  
  71  9:53  Probe (Chrono Boost)  
  71  9:54  Probe (Chrono Boost)  
  71  9:55  Pylon  
  71  9:58  Pylon  
  72  10:02  Pylon  
  72  10:04  Pylon  
  72  10:05  Probe (Chrono Boost)  
  73  10:10  Void Ray  
  73  10:13  Pylon  
  77  10:16  Pylon  
  73  10:56  Zealot x2  
  71  10:57  Zealot x2  
  71  10:58  Zealot x2  
  71  10:59  Zealot x2  
  71  11:00  Zealot  
  78  11:32  Zealot  
  78  11:33  Zealot  
  78  11:34  Zealot x2  
  78  11:35  Zealot x2  
  78  11:36  Zealot x2  
  78  11:37  Zealot  
  96  11:54  Zealot x2  
  94  11:55  Zealot x2  
  94  11:56  Zealot x2  
  94  11:57  Zealot x2  
  94  11:58  Zealot  
Tags
 
Add a new tag
Caveats
  • Supply blocks, unpowered buildings, or Contaminate may cause inaccurate times.
  • Supply counts are checked every 10 seconds.